 Dungeon Crawl Stone Soup version 0.30-b1-2-g02819fbbbe (webtiles) character file.

Game seed: 11458594378678800389

1773 dorian the Cleaver (level 9, -2/74 HPs)
             Began as a Formicid Gladiator on May 18, 2023.
             Slain by a boulder beetle (41 damage)
             ... on level 6 of the Dungeon.
             The game lasted 00:07:46 (6009 turns).

dorian the Cleaver (Formicid Gladiator)             Turns: 6009, Time: 00:07:47

Health: -2/74      AC: 10    Str: 22    XL:     9   Next: 28%
Magic:  3/3        EV: 11    Int:  9    God:
Gold:   255        SH:  5    Dex: 15    Spells: 8/8 levels left

rFire   . . .        q - +12 war axe "Lacertilianbane" {antimagic, rPois rN+}
rCold   + . .        (no shield)
rNeg    + + .        n - +0 scale mail {rC+}
rPois   +            (helmet unavailable)
rElec   .            f - +1 cloak
rCorr   .            B - +0 pair of gloves
SInv    +            (no boots)
Will    .....        h - amulet of reflection Stlth
                     m - ring of positive energy
HPRegen 0.32/turn    (no ring)
MPRegen 0.08/turn

%: reflection
@: studying Fighting
A: permanent stasis, dig shafts and tunnels, antennae 3, four strong arms
a: Dig, Shaft Self


You were on level 6 of the Dungeon.
You visited 1 branch of the dungeon, and saw 6 of its levels.

You collected 255 gold pieces.

Inventory:

Hand Weapons
 a - a +0 war axe
 q - the +12 war axe "Lacertilianbane" (weapon) {antimagic, rPois rN+}
   (You took it off a goblin on level 2 of the Dungeon)

   rPois:     It protects you from poison.
   rN:        It protects you from negative energy.
 C - a +3 great sword
Missiles
 c - 4 throwing nets
 d - 3 javelins (quivered)
 j - 10 atropa-tipped darts
 k - 10 poisoned darts
 r - 2 boomerangs
Armour
 b - a +0 leather armour
 f - a +1 cloak (worn)
 n - a +0 scale mail of cold resistance (worn)
 B - a +0 pair of gloves (worn)
Jewellery
 h - an amulet of reflection (around neck)
 m - a ring of positive energy (left hand)
 t - a ring of poison resistance
Wands
 y - a wand of charming (12)
Scrolls
 s - a scroll of enchant armour
 w - a scroll of enchant weapon {unknown}
 x - 4 scrolls of identify
 D - a scroll of noise {unknown}
Potions
 e - 3 potions of mutation {unknown}
 g - 7 potions of curing
 i - 2 potions of flight
 l - a potion of degeneration {unknown}
 o - 2 potions of resistance {unknown}
 p - 2 potions of lignification {unknown}
 u - a potion of heal wounds
 v - 2 potions of brilliance {unknown}
 z - 2 potions of magic {unknown}
 A - a potion of attraction {unknown}


   Skills:
 + Level 8.2 Fighting
 * Level 8.9 Axes
 - Level 2.0 Throwing
 + Level 5.3 Armour
 - Level 2.6 Dodging


You had 8 spell levels left.
You didn't know any spells.
Your spell library contained the following spells:

 Spells                   Type           Power      Damage    Failure   Level
 Ensorcelled Hibernation  Hex/Ice        0%         N/A       83%         2
 Lesser Beckoning         Tloc           0%         N/A       83%         2
 Passwall                 Tmut/Erth      0%         N/A       83%         2
 Sublimation of Blood     Necr           0%         N/A       83%         2
 Wereblood                Tmut           0%         N/A       83%         2
 Gell's Gravitas          Tloc           0%         N/A       96%         3
 Inner Flame              Hex/Fire       0%         N/A       96%         3
 Summon Guardian Golem    Hex/Summ       0%         N/A       96%         3
 Teleport Other           Tloc           0%         N/A       96%         3
 Volatile Blastmotes      Fire/Tloc      0%         2d10      96%         3
 Flame Wave               Conj/Fire      0%         2d4       100%        4
 Fulminant Prism          Conj/Hex       0%         3d5       100%        4
 Iskenderun's Mystic Bla  Conj/Tloc      0%         2d3       100%        4
 Sticky Flame             Conj/Fire      0%         2d3       100%        4
 Lee's Rapid Deconstruct  Erth           0%         3d4*      100%        5
 Orb of Destruction       Conj           0%         9d5       100%        7
 Spellforged Servitor     Conj/Summ      0%         N/A       100%        7
 Summon Hydra             Summ           0%         N/A       100%        7
 Swiftness                Air            Unusable   N/A       N/A         3

Dungeon Overview and Level Annotations

Branches:
Dungeon (6/15)
 Temple: D:4-7

Altars:
Hepliaklqana
Ru
Trog
Zin

Shops:
D:1 ?

Annotations:
D:3 3 runed translucent doors, darkwiz's ghost, amateur DsCK
D:5 3 runed translucent doors, Gobbopathe's ghost, novice DsCK


Innate Abilities, Weirdness & Mutations

You cannot be hasted, slowed, berserked, paralysed or teleported.
You can dig through walls and to a lower floor.
You have a pair of large antennae on your head. (SInv)
Your four strong arms can wield two-handed weapons with a shield.


Message History

You start waiting.
A boulder beetle is nearby!
You hit the boulder beetle.
The boulder beetle is lightly wounded.
The boulder beetle barely misses you.
The boulder beetle stops rolling and uncurls.
You barely miss the boulder beetle.
The boulder beetle is lightly wounded.
The boulder beetle closely misses you.
You slash the boulder beetle!
The boulder beetle is lightly wounded.
The boulder beetle bites you.
You hit the boulder beetle but do no damage.
The boulder beetle is lightly wounded.
The boulder beetle bites you!
You hit the boulder beetle.
The boulder beetle is lightly wounded.
The boulder beetle barely misses you.
You slash the boulder beetle!
The boulder beetle is moderately wounded.
The boulder beetle barely misses you.
You hit the boulder beetle.
The boulder beetle is moderately wounded.
The boulder beetle closely misses you.
You hit the boulder beetle but do no damage.
The boulder beetle is moderately wounded.
The boulder beetle bites you! You block the boulder beetle's attack.
You slash the boulder beetle!
The boulder beetle is heavily wounded.
The boulder beetle leaps!
The boulder beetle bites you!
You slice the boulder beetle!!
The boulder beetle is severely wounded.
The boulder beetle leaps!
The boulder beetle curls into a ball and begins rolling!
You hit the boulder beetle.
The boulder beetle is severely wounded.
The boulder beetle hits you!!!
Ouch! That really hurt!
You die...

...>.°......# #.###.#.#...
......B.....# #.##........
............###.##.####...
....#.......#...##. # ....
. #####'#.#.####..# ....
....#
#+#######.#.#........ ...
....#
#.........#.#..###### .{
....# #............###
....####........@B°.#
.......#............# ..
.......#.######.....# ..
.......# #.....#.# ..
.......# #######.# ..
z..#.).# ....# ####
.{.#...# { ##### #...
.{.{...# ########### #.#.
.####z## #.........# #...


You could see a boulder beetle (rolling).

Vanquished Creatures
  Eustachio (D:4)
  Menkaure (D:6)
  An ice beast (D:5)
  An ogre (D:5)
  A phantom (D:6)
  A kobold brigand (D:6)
  2 bullfrogs (D:6)
  A scorpion (D:5)
  3 wights
  2 howler monkeys
  3 hounds (D:5)
  4 gnoll boudas
  An iguana (D:5)
  Terence (D:3)
  3 orc wizards
  Natasha (thrice) (D:2)
  18 gnolls
  8 adders
  3 white imps
  A worm (D:2)
  13 orcs
  9 endoplasms
  2 giant cockroaches
  8 goblins
  5 hobgoblins
  2 jackals (D:1)
  7 quokkas
  7 ball pythons
  7 bats
  3 frilled lizards
  12 kobolds
  5 rats
139 creatures vanquished.

Vanquished Creatures (others)
  3 fungi (D:5)
  A plant (D:5)
4 creatures vanquished.

Grand Total: 143 creatures vanquished

Notes
Turn   | Place    | Note
-------+----------+-------------------------------------------
     0 | D:1      | dorian the Formicid Gladiator began the quest for the Orb.
     0 | D:1      | Reached XP level 1. HP: 16/16 MP: 1/1
   325 | D:1      | Reached XP level 2. HP: 22/23 MP: 2/2
   621 | D:1      | Found Amohor's Magic Scroll Boutique.
   750 | D:1      | Reached XP level 3. HP: 23/28 MP: 3/3
  1030 | D:2      | Noticed Natasha
  1038 | D:2      | Killed Natasha
  1039 | D:2      | Reached XP level 4. HP: 35/35 MP: 4/4
  1158 | D:2      | Noticed Natasha
  1173 | D:2      | Killed Natasha
  1362 | D:2      | Reached XP level 5. HP: 39/41 MP: 5/5
  1379 | D:2      | Noticed Natasha
  1395 | D:2      | Killed Natasha
  1594 | D:2      | Identified the +12 war axe "Lacertilianbane" {antimagic,
                  | rPois rN+}
  1608 | D:2      | Reached skill level 5 in Axes
  2214 | D:3      | Found a runed translucent gate.
  2214 | D:3      | Found a runed translucent gate.
  2214 | D:3      | Found a runed translucent gate.
  2223 | D:3      | Noticed darkwiz's ghost (amateur DsCK)
  2701 | D:3      | Noticed Terence
  2711 | D:3      | Killed Terence
  2871 | D:3      | Reached XP level 6. HP: 47/47 MP: 2/6
  3453 | D:3      | Reached skill level 1 in Armour
  3752 | D:4      | Identified the +6 long sword of Untruth {freeze, rPois rF+
                  | Str+2}
  3865 | D:4      | Reached XP level 7. HP: 35/55 MP: 2/7
  4293 | D:4      | Noticed Eustachio
  4300 | D:4      | Killed Eustachio
  4369 | D:4      | Identified a scroll of acquirement
  4369 | D:4      | Acquired a manual of Fighting
  4397 | D:5      | Entered Level 5 of the Dungeon
  4447 | D:5      | Found a bloodstained altar of Trog.
  4470 | D:5      | Reached skill level 5 in Fighting
  4486 | D:5      | Found a glowing silver altar of Zin.
  4668 | D:5      | Reached XP level 8. HP: 63/63 MP: 2/8
  4692 | D:5      | Found Nnapheogyb's Needful Niceties.
  4845 | D:5      | Found a hazy altar of Hepliaklqana.
  5004 | D:5      | Found a sacrificial altar of Ru.
  5304 | D:5      | Found a runed translucent gate.
  5304 | D:5      | Found a runed translucent gate.
  5304 | D:5      | Found a runed translucent gate.
  5327 | D:5      | Noticed Gobbopathe's ghost (novice DsCK)
  5614 | D:6      | Reached XP level 9. HP: 72/72 MP: 3/9
  5615 | D:6      | Noticed Menkaure
  5621 | D:6      | Killed Menkaure
  5622 | D:6      | Reached skill level 5 in Armour
  5988 | D:6      | Noticed a boulder beetle
  6009 | D:6      | Slain by a boulder beetle

Illustrated notes

Levels and vault maps discovered:
D:1:      shiori_shiawase, layout_basic, serial_shops, nicolae_shop_rolled_up
D:2:      layout_basic, uniq_natasha
D:3:      layout_basic, gammafunk_ghost_necromancy, uniq_terence
D:4:      layout_basic, uniq_eustachio
D:5:      layout_gridville, nicolae_ru_awakened_eye,
          mainiacjoe_overflow_boulevard, trog_three_pillars_becter,
          nzn_hepliaklqana_mist_gate, gammafunk_ghost_nasty_kobolds,
          nicolae_alphabet_shops
D:6:      layout_basic, serial_co_window_serial, co_window_paths_b,
          co_window_corner_a, co_window_corner_a, co_window_corner_a,
          co_window_paths_b, co_window_corner_b, co_window_corner_b,
          co_window_broadway_a, co_window_4corner_a, glass_columns_b,
          glass_columns_b, glass_columns_a, glass_columns_a, glass_columns_b,
          uniq_menkaure

Skill      XL: |  1  2  3  4  5  6  7  8  9 |
---------------+----------------------------+-----
Fighting       | 3 4 5 7 8 |  8.2
Axes           | 4 5 6 8 |  8.9
Armour         | 2 3 4 5 |  5.3
Throwing       | |  2.0
Dodging        | |  2.6

Action                     |  1- 3 |  4- 6 |  7- 9 || total
---------------------------+-------+-------+-------++-------
  Melee: War axe           |    59 |   132 |   121 ||   312
         Punch             |       |     3 |       ||     3
  Throw: Dart              |     4 |     4 |       ||     8
         Javelin           |       |     2 |       ||     2
    Use: Scroll            |       |     3 |     4 ||     7
   Stab: Sleeping          |     3 |       |       ||     3
         Invisible         |       |     1 |       ||     1
 Armour: Leather armour    |    21 |    15 |       ||    36
         Scale mail        |       |    14 |    20 ||    34
  Dodge: Dodged            |    42 |    83 |    52 ||   177
  Block: Other             |       |    18 |    33 ||    51
